 Dungeon Crawl Stone Soup version 0.28-a0-620-g539b0f7ac7 (webtiles) character file.

Game seed: 13051309162734106936

425 Rocko1345 the Slasher (level 6, -3/53 HPs)
             Began as a Gnoll Cinder Acolyte on Oct 6, 2021.
             Was an Elder of Ignis.
             Slain by an ice beast (14 damage)
             ... on level 4 of the Dungeon.
             The game lasted 00:16:01 (4145 turns).

Rocko1345 the Slasher (Gnoll Cinder Acolyte)        Turns: 4145, Time: 00:16:01

Health: -3/53      AC:  6    Str: 15    XL:     6   Next: 96%
Magic:  11/11      EV: 10    Int: 13    God:    Ignis [****..]
Gold:   115        SH:  0    Dex:  8    Spells: 10/12 levels left

rFire   + . .      SeeInvis .   a - -1 falchion (flame)
rCold   . . .      Faith    .   (no shield)
rNeg    . . .      Spirit   .   t - +0 ring mail
rPois   +          Reflect  .   m - +0 helmet
rElec   .          Harm     .   (no cloak)
rCorr   .          Rampage  .   (no gloves)
Will    .....                   (no boots)
Stlth   +.........              (no amulet)
HPRegen 0.17/turn               z - ring of poison resistance
MPRegen 0.12/turn               (no ring)

@: attractive, very slightly contaminated, invisible
A: fangs 1, strong nose, distributed training
a: Renounce Religion, Sea of Fire, Foxfire Swarm, Rising Flame


You were on level 4 of the Dungeon.
You worshipped Ignis.
Ignis was greatly pleased with you.
You visited 1 branch of the dungeon, and saw 4 of its levels.

You collected 115 gold pieces.

Inventory:

Hand Weapons
 a - a -1 falchion of flaming (weapon)
 n - a +0 dagger of venom
 o - a +0 spear
 C - a +0 war axe
 D - a +1 dagger of venom
 E - a +0 battleaxe
Missiles
 u - 93 stones (quivered)
 y - 51 arrows
 A - 2 poisoned darts
Armour
 b - a +0 robe
 m - a +0 helmet (worn)
 t - a +0 ring mail (worn)
Jewellery
 z - a ring of poison resistance (left hand)
Scrolls
 c - 3 scrolls of torment {unknown}
 e - a scroll of noise {unknown}
 g - a scroll of fear {unknown}
 h - 3 scrolls of identify {unknown}
 k - 2 scrolls of enchant weapon {unknown}
 l - 2 scrolls of teleportation {unknown}
 r - a scroll of amnesia {unknown}
 x - a scroll of holy word {unknown}
Potions
 f - 2 potions of curing {unknown}
 i - a potion of degeneration {unknown}
 j - a potion of cancellation {unknown}
 p - a potion of attraction
 q - a potion of berserk rage {unknown}
 s - a potion of flight {unknown}
 v - 2 potions of lignification {unknown}
 w - 2 potions of ambrosia {unknown}
 B - a potion of might {unknown}


   Skills:
 + Level 6.9 Fighting
 + Level 2.2 Short Blades
 + Level 6.9 Long Blades
 + Level 2.2 Axes
 + Level 2.2 Maces & Flails
 + Level 2.2 Polearms
 + Level 2.2 Staves
 + Level 2.2 Slings
 + Level 2.2 Bows
 + Level 2.2 Crossbows
 + Level 2.2 Throwing
 + Level 2.2 Armour
 + Level 2.2 Dodging
 + Level 2.2 Stealth
 + Level 2.2 Shields
 + Level 2.2 Unarmed Combat
 + Level 3.6 Spellcasting
 + Level 1.7 Conjurations
 + Level 1.7 Hexes
 + Level 1.7 Summonings
 + Level 1.7 Necromancy
 + Level 1.7 Translocations
 + Level 1.7 Transmutations
 + Level 5.7 Fire Magic
 + Level 1.7 Ice Magic
 + Level 1.7 Air Magic
 + Level 1.7 Earth Magic
 + Level 1.7 Poison Magic
 + Level 2.4 Invocations
 + Level 2.2 Evocations


You had 10 spell levels left.
You knew the following spells:

 Your Spells              Type           Power      Damage    Failure   Level
a - Scorch                Fire           34%        2d6       6%          2

Your spell library contained the following spells:

 Spells                   Type           Power      Damage    Failure   Level
 Leda's Liquefaction      Hex/Erth       3%         N/A       89%         4
 Lee's Rapid Deconstruct  Erth           3%         3d6*      99%         5
 Statue Form              Tmut/Erth      4%         N/A       100%        6


Dungeon Overview and Level Annotations

Branches:
Dungeon (4/15)
 Temple: D:4-7

Altars:
Elyvilon


Innate Abilities, Weirdness & Mutations

You have very sharp teeth.
Your uncanny sense of smell can sniff out nearby items.
Your experience applies equally to all skills.


Message History

You see here a +0 robe.
You start resting.
Magic restored.
You start resting.
HP restored.
You see here a +0 robe.
Found 4 gold pieces.
You now have 115 gold pieces (gained 4).
An ice beast comes into view.
The ice beast hits you. The ice beast freezes you!
Unknown command.
Flames leap up around you! The ice beast hits you. The ice beast freezes you!
Your foxfire dissipates!
The foxfire hits the ice beast but does no damage.
The foxfire hits the ice beast.
The ice beast is lightly wounded.
Your foxfire dissipates!
Okay, then.
Okay, then.
Your +1 dagger of venom stops dripping with poison.
Your -1 falchion of flaming bursts into flame!
a - a -1 falchion of flaming (weapon)
Your ring mail prevents you from hitting the ice beast.
The ice beast hits you but does no damage.
You closely miss the ice beast. The ice beast hits you.
The ice beast freezes you! The ice beast hits you. The ice beast freezes you!
* * * LOW HITPOINT WARNING * * *
It was a potion of invisibility.
You fade into invisibility!
The ice beast barely misses you.
You are very lightly contaminated with residual magic.
Okay, then.
Okay, then.
It was a potion of attraction.
You feel attractive to monsters. The ice beast hits you.
* * * LOW HITPOINT WARNING * * *
The ice beast freezes you!
You die...

####.....'≈≈≈'..)...
#.###.#≈≈≈#...... #.#
#.##+##.###.. #########
#.###.##.#.## ##.
.......v# #.....##...#
#. #.###############.#
## #.......# ##.##
#######Y##### #.[.#
#..@....# #...#
#.......# #...#
#.......####...#####
#...................#
......................
####...#..(.>.........#
#........##......####
#.......###.#....#
....### #.#....#


You could see an ice beast.

Vanquished Creatures
  Blork the orc (D:4)
  A bullfrog (D:4)
  2 scorpions
  Natasha (D:4)
  A hound skeleton (D:4)
  Robin (D:2)
  3 adders (D:3)
  3 gnolls (D:3)
  A white imp (D:4)
  A worm (D:2)
  A dart slug (D:1)
  7 endoplasms
  2 giant cockroaches
  12 goblins
  6 hobgoblins
  3 jackals (D:1)
  8 kobolds
  2 quokkas
  6 ball pythons
  3 bats
  2 frilled lizards
  2 rats
  A spectral goblin (D:3)
70 creatures vanquished.

Vanquished Creatures (others)
  11 foxfires
11 creatures vanquished.

Grand Total: 81 creatures vanquished

Notes
Turn   | Place    | Note
-------+----------+-------------------------------------------
     0 | D:1      | Rocko1345 the Gnoll Cinder Acolyte began the quest for the
                  | Orb.
     0 | D:1      | Reached XP level 1. HP: 23/23 MP: 4/4
   245 | D:1      | Reached XP level 2. HP: 25/29 MP: 5/5
  1328 | D:2      | Noticed Robin
  1353 | D:2      | Reached XP level 3. HP: 16/35 MP: 7/7
  1361 | D:2      | Killed Robin
  1596 | D:2      | Reached skill level 1 in Invocations
  1958 | D:2      | Reached skill level 1 in Short Blades
  1958 | D:2      | Reached skill level 1 in Axes
  1958 | D:2      | Reached skill level 1 in Maces & Flails
  1958 | D:2      | Reached skill level 1 in Polearms
  1958 | D:2      | Reached skill level 1 in Staves
  1958 | D:2      | Reached skill level 1 in Slings
  1958 | D:2      | Reached skill level 1 in Bows
  1958 | D:2      | Reached skill level 1 in Crossbows
  1958 | D:2      | Reached skill level 1 in Throwing
  1958 | D:2      | Reached skill level 1 in Armour
  1958 | D:2      | Reached skill level 1 in Dodging
  1958 | D:2      | Reached skill level 1 in Stealth
  1958 | D:2      | Reached skill level 1 in Shields
  1958 | D:2      | Reached skill level 1 in Unarmed Combat
  1958 | D:2      | Reached skill level 1 in Evocations
  2405 | D:3      | Reached XP level 4. HP: 32/41 MP: 8/8
  2597 | D:3      | Learned a level 2 spell: Scorch
  2659 | D:3      | Found a faded altar of an unknown god.
  2730 | D:3      | Noticed a scorpion
  2902 | D:3      | Killed a scorpion
  2903 | D:3      | Reached skill level 1 in Conjurations
  2903 | D:3      | Reached skill level 1 in Hexes
  2903 | D:3      | Reached skill level 1 in Summonings
  2903 | D:3      | Reached skill level 1 in Necromancy
  2903 | D:3      | Reached skill level 1 in Translocations
  2903 | D:3      | Reached skill level 1 in Transmutations
  2903 | D:3      | Reached skill level 1 in Ice Magic
  2903 | D:3      | Reached skill level 1 in Air Magic
  2903 | D:3      | Reached skill level 1 in Earth Magic
  2903 | D:3      | Reached skill level 1 in Poison Magic
  2903 | D:3      | Reached XP level 5. HP: 40/47 MP: 9/9
  3514 | D:4      | Reached XP level 6. HP: 20/53 MP: 9/11
  3801 | D:4      | Noticed Natasha
  3810 | D:4      | Killed Natasha
  3896 | D:4      | Found a white marble altar of Elyvilon.
  3965 | D:4      | Noticed Blork the orc
  3972 | D:4      | Killed Blork the orc
  4130 | D:4      | Noticed an ice beast
  4145 | D:4      | Slain by an ice beast

Illustrated notes

Levels and vault maps discovered:
D:1:      grunt_arrival_crossed_arrows, layout_loops_ring,
          chequers_serial_rivers_small_b, grunt_decor_mini_mirrors
D:2:      layout_loops_ring, uniq_robin
D:3:      layout_loops_ring, dreamdust_ecumenical_altar_drowned_temple,
          minmay_statues_item, kennysheep_generic_room_5
D:4:      layout_loops_cross, nzn_wu_jian_contemplation, elyvilon_altar_5,
          minmay_liquid_box, uniq_blork_the_orc, uniq_natasha

Skill      XL: |  1  2  3  4  5  6 |
---------------+-------------------+-----
Invocations    | 1 2 |  2.4
Short Blades   | 1 2 |  2.2
Axes           | 1 2 |  2.2
Maces & Flails | 1 2 |  2.2
Polearms       | 1 2 |  2.2
Staves         | 1 2 |  2.2
Slings         | 1 2 |  2.2
Bows           | 1 2 |  2.2
Crossbows      | 1 2 |  2.2
Throwing       | 1 2 |  2.2
Armour         | 1 2 |  2.2
Dodging        | 1 2 |  2.2
Stealth        | 1 2 |  2.2
Shields        | 1 2 |  2.2
Unarmed Combat | 1 2 |  2.2
Evocations     | 1 2 |  2.2
Spellcasting   | 3 |  3.6
Conjurations   | 1 |  1.7
Hexes          | 1 |  1.7
Summonings     | 1 |  1.7
Necromancy     | 1 |  1.7
Translocations | 1 |  1.7
Transmutations | 1 |  1.7
Ice Magic      | 1 |  1.7
Air Magic      | 1 |  1.7
Earth Magic    | 1 |  1.7
Poison Magic   | 1 |  1.7
Fighting       | |  6.9
Long Blades    | |  6.9
Fire Magic     | |  5.7

Action                   |  1- 3 |  4- 6 || total
-------------------------+-------+-------++-------
Melee: Falchion          |    63 |     2 ||    65
       Pseudopods        |     7 |    11 ||    18
       Dagger            |    39 |    95 ||   134
Throw: Stone             |     7 |     7 ||    14
 Cast: Scorch            |       |    10 ||    10
Invok: Sea of Fire       |     2 |       ||     2
       Foxfire Swarm     |     1 |     1 ||     2
  Use: Potion            |       |     2 ||     2
Armor: Robe              |    32 |       ||    32
       Ring mail         |     6 |    41 ||    47
Dodge: Dodged            |    81 |    48 ||   129

Table legend: (Time is in decaauts)
 A = Elapsed time spent in this place.
 B = Non-inter-level travel time spent in this place.
 C = Inter-level travel time spent in this place.
 D = Time resting spent in this place.
 E = Time spent auto-exploring this place.
 F = Levels seen in this place.
 G = Mean time per level.
                   A        B        C        D        E       F      G
               +--------+--------+--------+--------+--------+-----+--------+
         Total |   4139 |   4099 |     40 |   1035 |   1568 |   4 | 1034.8 |
       Dungeon |   4139 |   4099 |     40 |   1035 |   1568 |   4 | 1034.8 |
               +--------+--------+--------+--------+--------+-----+--------+

Top non-repeatable levels by time:
     D:1: 1313 daAuts
     D:3: 1102 daAuts
     D:2: 1070 daAuts
     D:4: 652 daAuts
